 Dungeon Crawl Stone Soup version 0.28.0 (webtiles) character file.

Game seed: 15456005069086146853

34363 browni3141 the Severer (level 13, 0/116 HPs)
             Began as a Minotaur Berserker on Feb 16, 2022.
             Was a High Priest of Trog.
             Slain by a catoblepas (18 damage)
             ... on level 5 of the Lair of Beasts.
             The game lasted 00:09:18 (12718 turns).

browni3141 the Severer (Minotaur Berserker)        Turns: 12718, Time: 00:09:19

Health: 0/116      AC: 10    Str: 27    XL:     13   Next: 41%
Magic:  0/12       EV: 18    Int: 16    God:    Trog [*****.]
Gold:   852        SH: 14    Dex: 17    Spells: 12/12 levels left

rFire   . . .      SeeInvis +   P - +7 war axe of Equilibrium {flame, rPois rN+ Int+2}
rCold   + + .      Faith    .   t - +0 kite shield
rNeg    + . .      Spirit   +   u - +1 leather armour "Zysocw" {*Slow rC++ Regen+ Slay+3}
rPois   +          Reflect  .   (helmet restricted)
rElec   +          Harm     .   v - +0 cloak
rCorr   .          Rampage  .   f - +2 pair of gloves
Will    ++...                   K - +0 pair of boots
Stlth   +.........              B - amulet of guardian spirit
HPRegen 2.09/turn               O - ring of Linearity {Str-2 Int+4 Dex+6 SInv}
MPRegen 0.13/turn               S - ring "Jeran" {rElec Str+3 Int+6}

@: strong-willed, on berserk cooldown, regenerating, slowed, very slow
A: horns 2, retaliatory headbutt
a: Renounce Religion, Berserk, Trog's Hand, Brothers in Arms


You were on level 5 of the Lair of Beasts.
You worshipped Trog.
Trog was extremely pleased with you.
You visited 4 branches of the dungeon, and saw 18 of its levels.

You collected 933 gold pieces.
You spent 81 gold pieces at shops.

Inventory:

Hand Weapons
 a - a +0 hand axe
 A - a +0 war axe
 P - the +7 war axe of Equilibrium (weapon) {flame, rPois rN+ Int+2}
   (You found it on level 10 of the Dungeon)

   It burns those it strikes, dealing additional fire damage.
   Big, fiery blades are also staple armaments of hydra-hunters.
   Int:       It affects your intelligence (+2).
   rPois:     It protects you from poison.
   rN:        It protects you from negative energy.
Armour
 b - a +0 animal skin
 f - a +2 pair of gloves (worn)
 g - a +0 chain mail
 t - a +0 kite shield (worn)
 u - the +1 leather armour "Zysocw" (worn) {*Slow rC++ Regen+ Slay+3}
   (You found it on level 5 of the Dungeon)

   Slay:      It affects your accuracy & damage with ranged weapons and melee
   (+3).
   rC:        It greatly protects you from cold.
   Regen:     It increases your rate of health regeneration.
   *Slow:     It may slow you when you take damage.
 v - a +0 cloak (worn)
 K - a +0 pair of boots (worn)
 Q - +0 ice dragon scales
Jewellery
 e - a ring of protection from cold
 i - a ring of ice
 B - an amulet of guardian spirit (around neck)
 F - a +6 ring of strength
 M - a ring of magical power
 N - a ring of positive energy
 O - the ring of Linearity (left hand) {Str-2 Int+4 Dex+6 SInv}
   (You acquired it on level 3 of the Lair of Beasts)

   [ring of see invisible]

   Str:       It affects your strength (-2).
   Int:       It affects your intelligence (+4).
   Dex:       It affects your dexterity (+6).
   SInv:      It lets you see invisible.
 R - an amulet of regeneration
 S - the ring "Jeran" (right hand) {rElec Str+3 Int+6}
   (You found it on level 1 of the Lair of Beasts)

   [ring of intelligence]

   Str:       It affects your strength (+3).
   Int:       It affects your intelligence (+6).
   rElec:     It insulates you from electricity.
 W - a ring of ice
Wands
 w - a wand of paralysis (11)
 y - a wand of iceblast (11)
 G - a wand of acid (4)
 I - a wand of flame (22)
 V - a wand of charming (10)
Scrolls
 d - a scroll of blinking
 h - a scroll of silence
 j - 2 scrolls of fear
 m - 2 scrolls of noise
 n - 3 scrolls of fog
 q - 5 scrolls of vulnerability
 r - 3 scrolls of magic mapping
 s - 2 scrolls of enchant armour
 H - 6 scrolls of teleportation
 J - 3 scrolls of holy word
 T - a scroll of enchant weapon
 U - a scroll of immolation
 X - a scroll of identify
Potions
 c - 4 potions of flight
 k - 2 potions of haste
 l - 2 potions of mutation
 o - 3 potions of brilliance
 p - 3 potions of invisibility
 x - 5 potions of heal wounds {unknown}
 z - 4 potions of curing {unknown}
 C - 4 potions of resistance
 D - a potion of degeneration {unknown}
 E - 2 potions of lignification {unknown}
 L - 2 potions of ambrosia {unknown}
 Y - a potion of might {unknown}
 Z - a potion of berserk rage {unknown}


   Skills:
 + Level 11.5 Fighting
 * Level 15.4 Axes
 - Level 4.9 Armour
 * Level 13.0 Dodging
 * Level 14.6 Shields


You had 12 spell levels left.
You didn't know any spells.
Your spell library was empty.

Dungeon Overview and Level Annotations

Branches:
Dungeon (10/15)            Temple (1/1) D:5            Lair (6/6) D:9
  Swamp (0/4) Lair:4       Spider (1/4) Lair:4          Orc (0/2) D:10
  Slime: Lair:5-6

Altars:
Fedhas
Gozag
Okawaru
Vehumet
The Shining One

Shops:
D:1 [   D:6 (   D:7 (


Innate Abilities, Weirdness & Mutations

You have a pair of horns on your head.
You reflexively headbutt those who attack you in melee.


Message History

You burn the four-headed hydra.
The four-headed hydra is severely wounded.
You block the four-headed hydra's attack.
The four-headed hydra barely misses you.
The four-headed hydra bites you.
You block the four-headed hydra's attack.
You barely miss the four-headed hydra.
The four-headed hydra is severely wounded.
The four-headed hydra closely misses you.
The four-headed hydra bites you!
You block the four-headed hydra's attack.
The four-headed hydra bites you!
A catoblepas comes into view.
The catoblepas bellows!
You hack one of the four-headed hydra's heads off!
The flame cauterises the wound!
You slash the three-headed hydra! You burn the three-headed hydra.
You kill the three-headed hydra!
Trog accepts your kill.
Your Dodging skill increases to level 13!
The catoblepas gores you but does no damage.
The catoblepas gores you!!
* * * LOW HITPOINT WARNING * * *
A vampire mosquito comes into view.
The catoblepas breathes a plume of calcifying dust at you.
The blast of calcifying dust hits you!
* * * LOW HITPOINT WARNING * * *
The vampire mosquito moves out of view.
There is a stone staircase leading up, spattered with blood here.
You see here a hydra corpse.
The catoblepas gores you!!
* * * LOW HITPOINT WARNING * * *
The vampire mosquito buzzes angrily.
You climb upwards.
There is a stone staircase leading down here.
You are too injured to fight recklessly!
Your skin crawls.
You feel strong-willed. The catoblepas gores you!!
You die...

##P....รท#.# #.........#
#.....#.### ###........#
##.....#..#########.........####
##P....P#.......#.#...........##.
#................................
##...............................
#................................
#................Y...............
................@........<.......
...........<.....................
...).............................
P.##P...#.#...##...............#.
#.####...###.#######..........#.#
### ##### ### #............#
##............# #!...........##
#............##


You could see a catoblepas.

Vanquished Creatures
  The ghost of browni3141 the Blocker, a journeyman GrBe of Trog (Lair:4)
  8 hydras
  A two-headed ogre (D:10)
  3 death yaks (Lair:4)
  A bog body (Lair:4)
  A lindwurm (Lair:5)
  An oklob plant (Lair:5)
  8 elephants
  3 black mambas
  8 cane toads
  Maggie (Lair:2)
  4 rime drakes
  4 komodo dragons
  A hornet (Lair:1)
  A troll (D:10)
  4 polar bears (Lair:3)
  7 dream sheep (Lair:5)
  A jumping spider (Lair:4)
  A vampire (D:9)
  The ghost of Fractals the Skirmisher, an amateur MiHu (D:3)
  3 wyverns
  33 yaks
  A basilisk (Lair:1)
  2 vampire mosquitoes (Lair:6)
  A redback (Lair:4)
  2 steam dragons (D:8)
  4 orc warriors
  11 water moccasins
  3 black bears
  4 ogres
  36 wolves
  4 centaurs
  A kobold brigand (D:7)
  12 bullfrogs
  3 scorpions
  A water moccasin skeleton (D:5)
  3 killer bees (D:10)
  8 wights
  3 electric eels
  2 centaur zombies
  2 howler monkeys (D:9)
  3 bullfrog zombies
  5 hounds
  2 orc priests
  A centaur skeleton (D:7)
  Jessica (D:2)
  A bullfrog skeleton (D:4)
  An iguana (D:7)
  5 orc wizards
  A killer bee zombie (D:7)
  A hound zombie (D:5)
  3 howler monkey zombies
  3 gnolls (D:7)
  11 adders
  A shadow imp (D:6)
  2 white imps
  An ufetubus (D:5)
  A worm (D:3)
  An adder skeleton (D:4)
  2 dart slugs
  28 orcs
  8 ball pythons
  6 endoplasms
  4 giant cockroaches
  8 goblins
  8 hobgoblins
  10 jackals
  8 kobolds
  5 quokkas
  6 bats
  5 frilled lizards
  4 rats
345 creatures vanquished.

Vanquished Creatures (others)
  A bush (Lair:5)
  23 fungi
  66 plants
90 creatures vanquished.

Grand Total: 435 creatures vanquished

Notes
Turn   | Place    | Note
-------+----------+-------------------------------------------
     0 | D:1      | browni3141 the Minotaur Berserker began the quest for the
                  | Orb.
     0 | D:1      | Reached XP level 1. HP: 19/19 MP: 0/0
   139 | D:1      | Found Iraej's Antique Armour Shoppe.
   333 | D:1      | Reached skill level 4 in Axes
   333 | D:1      | Reached XP level 2. HP: 16/27 MP: 1/1
  1154 | D:2      | Noticed Jessica
  1157 | D:2      | Killed Jessica
  1158 | D:2      | Reached XP level 3. HP: 33/33 MP: 2/2
  1219 | D:2      | Reached ** piety under Trog
  1296 | D:2      | Reached XP level 4. HP: 39/40 MP: 3/3
  1381 | D:2      | Reached skill level 5 in Axes
  1506 | D:2      | Found a faded altar of an unknown god.
  1897 | D:3      | Reached XP level 5. HP: 47/47 MP: 4/4
  1981 | D:3      | Reached *** piety under Trog
  2142 | D:3      | Reached skill level 1 in Shields
  2417 | D:3      | Found a glowing golden altar of the Shining One.
  2471 | D:3      | Found a runed translucent gate.
  2471 | D:3      | Found a runed translucent gate.
  2471 | D:3      | Found a runed translucent gate.
  2473 | D:3      | Found an opulent altar of Gozag.
  2476 | D:3      | Noticed Fractals's ghost (amateur MiHu)
  2476 | D:3      | Noticed an ogre
  2719 | D:3      | Killed an ogre
  2720 | D:3      | Reached skill level 6 in Axes
  2720 | D:3      | Reached XP level 6. HP: 55/55 MP: 5/5
  2727 | D:3      | Killed Fractals's ghost
  2728 | D:3      | Reached skill level 5 in Fighting
  2893 | D:1      | Bought a kite shield for 81 gold pieces
  3027 | D:4      | Reached XP level 7. HP: 45/61 MP: 6/6
  3754 | D:5      | Entered Level 5 of the Dungeon
  3780 | D:5      | Identified the +1 leather armour "Zysocw" {*Slow rC++
                  | Regen+ Slay+3}
  3847 | D:5      | Reached skill level 7 in Axes
  3898 | D:5      | Reached **** piety under Trog
  3992 | D:5      | Identified the +7 short sword of Proximity {antimagic,
                  | rPois Will+}
  4096 | D:5      | Reached skill level 5 in Shields
  4137 | D:5      | Found a staircase to the Ecumenical Temple.
  4201 | Temple   | Entered the Ecumenical Temple
  4266 | D:6      | Reached XP level 8. HP: 26/70 MP: 7/7
  4364 | D:6      | Found a radiant altar of Vehumet.
  4472 | D:6      | Found Jefopet's Weapon Shoppe.
  4795 | D:7      | Reached skill level 8 in Axes
  5116 | D:7      | Reached skill level 5 in Dodging
  5309 | D:7      | Found Quonacs's Firing Range.
  5792 | D:8      | Reached skill level 9 in Axes
  5792 | D:8      | Reached XP level 9. HP: 54/78 MP: 8/8
  6490 | D:9      | Reached skill level 10 in Axes
  6734 | D:9      | Found a staircase to the Lair.
  6740 | D:9      | Reached XP level 10. HP: 88/88 MP: 9/9
  6949 | D:10     | Entered Level 10 of the Dungeon
  7047 | D:10     | Noticed a two-headed ogre
  7061 | D:10     | Killed a two-headed ogre
  7365 | D:10     | Found a blossoming altar of Fedhas.
  7375 | D:10     | Found an iron altar of Okawaru.
  7559 | D:10     | Reached skill level 11 in Axes
  7694 | D:10     | Reached skill level 10 in Shields
  7753 | D:10     | Found a staircase to the Orcish Mines.
  7890 | D:10     | Identified the +7 war axe of Equilibrium {flame, rPois rN+
                  | Int+2}
  7908 | D:10     | Reached ***** piety under Trog
  8330 | Lair:1   | Entered Level 1 of the Lair of Beasts
  8330 | Lair:1   | Noticed a black mamba
  8333 | Lair:1   | Killed a black mamba
  8460 | Lair:1   | Noticed a cane toad
  8463 | Lair:1   | Identified the ring "Jeran" {rElec Str+3 Int+6}
  8465 | Lair:1   | Killed a cane toad
  8472 | Lair:1   | Reached XP level 11. HP: 95/95 MP: 8/10
  8672 | Lair:1   | Reached skill level 12 in Axes
  9565 | Lair:2   | Reached skill level 10 in Dodging
  9608 | Lair:2   | You fall into a shaft and drop 1 floor!
  9763 | Lair:2   | Noticed a five-headed hydra
  9768 | Lair:2   | Killed a one-headed hydra
  9869 | Lair:2   | Reached skill level 13 in Axes
  9967 | Lair:2   | Noticed Maggie
  9975 | Lair:2   | Killed Maggie
 10339 | Lair:3   | Reached XP level 12. HP: 88/106 MP: 7/11
 10341 | Lair:3   | Reached skill level 10 in Fighting
 10730 | Lair:3   | Identified a scroll of acquirement
 10730 | Lair:3   | Acquired the ring of Linearity {Str-2 Int+4 Dex+6 SInv}
 11080 | Lair:4   | Noticed a five-headed hydra
 11085 | Lair:4   | Killed a one-headed hydra
 11108 | Lair:4   | Noticed a death yak
 11109 | Lair:4   | Noticed a death yak
 11109 | Lair:4   | Noticed a death yak
 11116 | Lair:4   | Killed a death yak
 11117 | Lair:4   | Reached skill level 14 in Axes
 11117 | Lair:4   | Found a staircase to the Swamp.
 11120 | Lair:4   | Killed a death yak
 11125 | Lair:4   | Killed a death yak
 11249 | Lair:4   | Found a hole to the Spider Nest.
 11254 | Lair:4   | Received a gift from Trog
 11338 | Lair:4   | Noticed a four-headed hydra
 11349 | Lair:4   | Killed a one-headed hydra
 11384 | Lair:4   | Noticed an eight-headed hydra
 11391 | Lair:4   | Killed a five-headed hydra
 11481 | Lair:4   | Found a runed translucent door.
 11495 | Lair:4   | Noticed browni3141's ghost (journeyman GrBe)
 11509 | Lair:4   | Killed browni3141's ghost
 11825 | Lair:4   | Noticed a five-headed hydra
 11832 | Lair:4   | Killed a two-headed hydra
 11857 | Spider:1 | Entered Level 1 of the Spider Nest
 11956 | Lair:5   | Reached XP level 13. HP: 87/116 MP: 8/12
 12202 | Lair:5   | Reached skill level 15 in Axes
 12687 | Lair:6   | Entered Level 6 of the Lair of Beasts
 12718 | Lair:5   | Slain by a catoblepas

Illustrated notes

Levels and vault maps discovered:
D:1:      matt_arrival_grand_opening, layout_loops_ring, serial_shops,
          nicolae_shop_overgrown_old_shop, minmay_misc_feat_hallway
D:2:      layout_rooms, dilly_ecumenical_altar_fadedgnrine,
          chequers_serial_rivers_small_a, uniq_jessica
D:3:      layout_loops_ring, nicolae_tso_swordbearing_angel,
          ebering_ghost_gozag, minmay_fractal_squares_diagonal_5
D:4:      layout_loops_cross
D:5:      layout_rooms, minmay_temple_entry_trees
D:6:      layout_basic, lemuel_crystal_altar, serial_shops,
          nicolae_lakefront_shop
D:7:      layout_loops_cross, st_stairs_7, minmay_misc_feat_plants,
          nicolae_shop_firing_range
D:8:      cheibrodos_steamvent, layout_loops_ring
D:9:      layout_roguey, grunt_lair_entry_orc_guard_hut
D:10:     layout_layer_cave, mainiacjoe_overflow_large_starburst,
          hiddenorc1_lemuel
Temple:   dpeg_five_rooms_temple
Lair:1:   layout_layer_cave, nicolae_quartered_pool_little
Lair:2:   layout_chaotic_city, minivault_26, grunt_megastairs_5,
          serial_bayou_shore_a, uniq_maggie
Lair:3:   beast_lair_carwin_large_2, layout_misc_corridors,
          grunt_forest_large_clearings
Lair:4:   layout_hall_layers, skrybe_swamp_entry_bodies, spider_nest_entry_a,
          ebering_ghost_reflecting_pool, lemuel_fruit_fields,
          infiniplex_staircase_pool
Lair:5:   layout_hall_layers, nicolae_lair_grazing_beasts
          [nicolae_sub_lair_graze_edge, nicolae_sub_lair_graze_edge,
          nicolae_sub_lair_graze_edge, nicolae_sub_lair_graze_edge]
Lair:6:   grunt_lair_end_beastmaster, layout_regular_city, slime_altar_2,
          gauntlet_entry_generic, pond, grunt_megastairs_3
Spider:1: layout_chambers, nicolae_spider_altar_of_dancing

Skill      XL: |  1  2  3  4  5  6  7  8  9 10 11 12 13 |
---------------+----------------------------------------+-----
Axes           | 4 5 6 7 9 10 11 13 14 15 | 15.4
Fighting       | 4 5 6 7 8 9 11 | 11.5
Armour         | 3 4 |  4.9
Shields        | 2 3 5 7 8 10 12 13 14 | 14.6
Dodging        | 3 5 7 9 10 12 13 | 13.0

Action                   |  1- 3 |  4- 6 |  7- 9 | 10-12 | 13-15 || total
-------------------------+-------+-------+-------+-------+-------++-------
Melee: Hand axe          |    51 |   137 |    86 |       |       ||   274
       Headbutt          |    10 |    14 |    46 |    59 |    19 ||   148
       Punch             |       |     1 |       |       |       ||     1
       War axe           |       |       |   188 |   327 |    84 ||   599
Invok: Berserk           |     1 |     1 |     7 |     9 |     2 ||    20
       Trog's Hand       |       |       |     2 |       |     1 ||     3
  Use: Scroll            |       |       |       |    18 |       ||    18
       Potion            |       |       |       |     1 |       ||     1
Armor: Animal skin       |    11 |       |       |       |       ||    11
       Chain mail        |    13 |    77 |    22 |       |       ||   112
       Leather armour    |       |       |    83 |    81 |    16 ||   180
Dodge: Dodged            |    26 |    56 |   135 |   179 |    57 ||   453
Block: Kite shield       |       |     7 |   141 |   207 |    53 ||   408
